 Dungeon Crawl Stone Soup version 0.30-b1-5-g8e6c1be481 (webtiles) character file.

Game seed: 1736877430486254300

20834 LustLizard the Severer (level 12, -3/112 HPs)
             Began as a Minotaur Monk on May 4, 2023.
             Was a High Priest of Qazlal.
             Slain by a titanic slime creature (96 damage)
             ... on level 12 of the Dungeon.
             The game lasted 00:19:45 (10269 turns).

LustLizard the Severer (Minotaur Monk)             Turns: 10269, Time: 00:19:45

Health: -3/112     AC: 20    Str: 20    XL:     12   Next: 48%
Magic:  18/18      EV: 11    Int:  7    God:    Qazlal [*****.]
Gold:   766        SH: 12    Dex: 18    Spells: 7/11 levels left

rFire   . . .        H - +4 war axe
rCold   + . .        K - +0 buckler
rNeg    . . .        S - +6 chain mail of Theory {+Inv rC+ Dex+4}
rPois   .            (helmet restricted)
rElec   .            P - +1 cloak
rCorr   +            E - +0 pair of gloves
SInv    +            (no boots)
Will    .....        n - amulet of regeneration Stlth
                     o - ring of resist corrosion
HPRegen 1.18/turn    B - ring of see invisible
MPRegen 0.16/turn

%: repel missiles
@: no status effects
A: horns 2, retaliatory headbutt
a: Renounce Religion, Evoke Invisibility, Upheaval, Elemental Force, Disaster
Area


You were on level 12 of the Dungeon.
You worshipped Qazlal.
Qazlal was extremely pleased with you.
You visited 1 branch of the dungeon, and saw 12 of its levels.
You also visited: Sewer.

You collected 766 gold pieces.

Inventory:

Hand Weapons
 H - a +4 war axe (weapon)
 J - a +1 war axe of flaming
Missiles
 f - 3 throwing nets
Armour
 E - a +0 pair of gloves (worn)
 K - a +0 buckler (worn)
 O - the -1 cloak of the King of the Hill {+Blink rC+ Stlth-}
   (You found it on level 11 of the Dungeon)

   rC:        It protects you from cold.
   +Blink:    It lets you blink.
   Stlth:     It makes you less stealthy.
 P - a +1 cloak (worn)
 S - the +6 chain mail of Theory (worn) {+Inv rC+ Dex+4}
   (You found it on level 11 of the Dungeon)

   Dex:       It affects your dexterity (+4).
   rC:        It protects you from cold.
   +Inv:      It lets you turn invisible.
Jewellery
 n - an amulet of regeneration (around neck)
 o - a ring of resist corrosion (left hand)
 B - a ring of see invisible (right hand)
 G - an amulet of reflection
Wands
 p - a wand of flame (17) (quivered)
 w - a wand of polymorph (20)
 F - a wand of roots (4)
 Q - a wand of quicksilver (4)
 R - a wand of digging (2)
Scrolls
 h - 4 scrolls of magic mapping
 j - 5 scrolls of teleportation
 k - 3 scrolls of blinking
 l - a scroll of immolation
 r - 3 scrolls of fear {unknown}
 v - 3 scrolls of amnesia
 x - a scroll of fog {unknown}
 y - a scroll of butterflies {unknown}
 C - a scroll of torment {unknown}
 D - 2 scrolls of enchant armour {unknown}
Potions
 a - a potion of attraction {unknown}
 b - a potion of might
 c - 5 potions of ambrosia
 e - 5 potions of berserk rage
 g - 4 potions of brilliance
 i - 3 potions of curing
 m - 3 potions of magic
 q - 2 potions of resistance {unknown}
 t - 2 potions of lignification {unknown}
 u - 2 potions of degeneration {unknown}
 z - 2 potions of haste {unknown}
 A - 3 potions of invisibility {unknown}
 L - 3 potions of flight {unknown}
 M - a potion of mutation {unknown}
Miscellaneous
 d - a lightning rod (4/4)
 I - a phial of floods
 N - a box of beasts (inert)


   Skills:
 + Level 11.9 Fighting
 * Level 16.4 Axes
 + Level 6.8 Armour
 + Level 7.1 Dodging
 + Level 4.0 Shields
 + Level 9.3 Invocations


You had 7 spell levels left.
You knew the following spells:

 Your Spells              Type           Power      Damage    Failure   Level
a - Manifold Assault      Tloc           0%         N/A       100%        4

Your spell library contained the following spells:

 Spells                   Type           Power      Damage    Failure   Level
 Ensorcelled Hibernation  Hex/Ice        0%         N/A       99%         2
 Passwall                 Tmut/Erth      0%         N/A       99%         2
 Ozocubu's Armour         Ice            0%         N/A       100%        3
 Portal Projectile        Hex/Tloc       0%         N/A       100%        3
 Swiftness                Air            0%         N/A       100%        3
 Tukima's Dance           Hex            0%         N/A       100%        3
 Passage of Golubria      Tloc           0%         N/A       100%        4
 Blade Hands              Tmut           0%         N/A       100%        5
 Metabolic Englaciation   Hex/Ice        0%         N/A       100%        5
 Silence                  Hex/Air        0%         N/A       100%        5
 Yara's Violent Unravell  Hex/Tmut       0%         3d3       100%        5
 Dispersal                Tloc           0%         N/A       100%        6
 Simulacrum               Ice/Necr       0%         N/A       100%        6
 Disjunction              Tloc           0%         N/A       100%        8
 Lehudib's Crystal Spear  Conj/Erth      0%         10d2      100%        8


Dungeon Overview and Level Annotations

Branches:
Dungeon (12/15)            Temple (0/1) D:6            Lair (0/5) D:8
    Orc (0/2) D:9           Sewer (visited)

Altars:
Gozag
Qazlal
Sif Muna

Annotations:
D:4 2 transporters, hawla's ghost, amateur MeIE
D:6 3 runed translucent doors, WaxSun's ghost, novice MfIE
D:12 Azrael; Fannar


Innate Abilities, Weirdness & Mutations

You have a pair of horns on your head.
You reflexively headbutt those who attack you in melee.


Message History

You slash the large slime creature!
The large slime creature is heavily wounded.
A slime creature comes into view.
A deep elf pyromancer comes into view. It is wielding a +0 long sword.
You barely miss the large slime creature.
The large slime creature is heavily wounded.
You slash the large slime creature!
The large slime creature is heavily wounded.
The large slime creature hits you!!
Two slime creatures merge to form a very large slime creature.
You slash the very large slime creature!
The very large slime creature is moderately wounded.
You slash the very large slime creature!
You headbutt the very large slime creature.
The very large slime creature is heavily wounded.
You slash the very large slime creature!
Your headbutt misses the very large slime creature.
The very large slime creature is heavily wounded.
You hit the very large slime creature.
The very large slime creature is heavily wounded.
Two slime creatures merge to form an enormous slime creature.
You barely miss the enormous slime creature.
You headbutt the enormous slime creature.
The enormous slime creature is heavily wounded.
The enormous slime creature completely misses you.
You furiously retaliate!
You headbutt the enormous slime creature!
You slash the enormous slime creature!
You headbutt the enormous slime creature!
The enormous slime creature is heavily wounded.
Two slime creatures merge to form a titanic slime creature.
You barely miss the titanic slime creature.
You headbutt the titanic slime creature!
The titanic slime creature is heavily wounded.
You slash the titanic slime creature!
The titanic slime creature is heavily wounded.
The deep elf pyromancer gestures wildly while chanting.
The titanic slime creature hits you!!!!
Ouch! That really hurt!
You die...

.......# ......#
.....# ....# ...#
.e# #J# #@# #.#
#.# ########.#
.........#
########.# #.# #.#
################.#


You could see a titanic slime creature and a deep elf pyromancer.

Vanquished Creatures
  Josephine (D:10)
  Harold (D:9)
  Erolcha (D:10)
  Erica (D:10)
  A boulder beetle (D:11)
  4 two-headed ogres
  2 cyclopes (D:10)
  2 manticores
  Maurice (D:10)
  3 gargoyles (D:10)
  A komodo dragon (D:11)
  A kobold demonologist (D:11)
  5 trolls
  2 hornets
  6 slime creatures
  A vampire (D:11)
  16 yaks
  A wyvern (D:11)
  4 shadows
  4 wraiths
  2 fire elementals
  A steam dragon (D:10)
  2 vampire mosquitoes (D:11)
  Menkaure (D:4)
  An acid dragon (D:10)
  A water moccasin (D:6)
  A hell hound (D:11)
  An orc warrior (D:10)
  4 ice beasts
  4 sky beasts
  An ogre (D:5)
  3 centaurs
  2 phantoms (D:5)
  7 kobold brigands
  6 bullfrogs
  A gnoll sergeant (D:10)
  13 wights
  13 killer bees
  4 electric eels (D:10)
  5 howler monkeys
  3 hounds
  4 jellies
  3 orc priests
  3 iguanas
  Jessica (D:2)
  A gnoll bouda (D:9)
  8 orc wizards
  A sleepcap (D:4)
  A hell rat (Sewer)
  9 gnolls
  7 adders
  4 river rats (D:3)
  A shadow imp (D:8)
  3 white imps
  A worm (D:2)
  3 dart slugs
  22 orcs
  3 bats
  6 endoplasms
  6 giant cockroaches
  8 hobgoblins
  6 jackals
  24 kobolds
  4 quokkas
  4 ball pythons
  3 frilled lizards
  8 goblins
  13 rats
291 creatures vanquished.

Vanquished Creatures (collateral kills)
  A wraith (D:10)
  A steam dragon (D:10)
2 creatures vanquished.

Vanquished Creatures (others)
  3 plants (D:1)
  5 withered plants (D:1)
8 creatures vanquished.

Grand Total: 301 creatures vanquished

Notes
Turn   | Place    | Note
-------+----------+-------------------------------------------
     0 | D:1      | LustLizard the Minotaur Monk began the quest for the Orb.
     0 | D:1      | Reached XP level 1. HP: 19/19 MP: 0/0
    25 | D:1      | Reached skill level 4 in Axes
    90 | D:1      | Reached XP level 2. HP: 27/27 MP: 1/1
   459 | D:1      | Reached XP level 3. HP: 27/33 MP: 2/2
   491 | D:1      | Found a faded altar of an unknown god.
   653 | D:2      | Reached skill level 5 in Axes
  1014 | D:2      | Found a stormy altar of Qazlal.
  1041 | D:2      | Became a worshipper of Qazlal Stormbringer
  1041 | D:2      | Reached * piety under Qazlal
  1041 | D:2      | Reached ** piety under Qazlal
  1293 | D:2      | Noticed Jessica
  1303 | D:2      | Killed Jessica
  1304 | D:2      | Reached XP level 4. HP: 40/40 MP: 3/3
  1314 | D:2      | Found Gupogonkau's General Store.
  1600 | D:3      | Found a glowing drain.
  1603 | D:3      | Reached skill level 6 in Axes
  1603 | D:3      | Reached skill level 1 in Invocations
  1606 | D:3      | Reached XP level 5. HP: 43/47 MP: 4/4
  1630 | Sewer    | Entered a sewer
  2074 | D:4      | Noticed Menkaure
  2089 | D:4      | Killed Menkaure
  2090 | D:4      | Reached skill level 5 in Fighting
  2090 | D:4      | Reached skill level 7 in Axes
  2090 | D:4      | Reached XP level 6. HP: 6/56 MP: 6/6
  2178 | D:4      | Found a transporter.
  2181 | D:4      | Found a transporter.
  2188 | D:4      | Noticed hawla's ghost (amateur MeIE)
  2697 | D:5      | Entered Level 5 of the Dungeon
  2755 | D:5      | Reached *** piety under Qazlal
  3082 | D:5      | Reached XP level 7. HP: 60/61 MP: 8/8
  3087 | D:5      | Learned a level 4 spell: Manifold Assault
  3098 | D:5      | Reached skill level 8 in Axes
  3539 | D:6      | Reached skill level 9 in Axes
  3539 | D:6      | Reached XP level 8. HP: 71/71 MP: 9/9
  3612 | D:6      | Noticed WaxSun's ghost (novice MfIE)
  3641 | D:6      | Found a runed translucent gate.
  3641 | D:6      | Found a runed translucent gate.
  3641 | D:6      | Found a runed translucent gate.
  3797 | D:6      | Found a staircase to the Ecumenical Temple.
  3938 | D:6      | Reached skill level 10 in Axes
  4174 | D:7      | Reached skill level 5 in Invocations
  4383 | D:7      | You fall into a shaft and drop 3 floors!
  4383 | D:10     | Entered Level 10 of the Dungeon
  4391 | D:10     | Noticed Josephine
  4422 | D:10     | Killed Josephine
  4423 | D:10     | Reached skill level 11 in Axes
  4423 | D:10     | Reached XP level 9. HP: 30/81 MP: 7/12
  4438 | D:10     | Reached skill level 12 in Axes
  4670 | D:10     | Reached XP level 10. HP: 72/91 MP: 12/14
  4744 | D:9      | Reached skill level 13 in Axes
  4761 | D:9      | Paralysed by a hornet for 3 turns
  4994 | D:9      | Noticed Harold
  5011 | D:9      | Killed Harold
  5106 | D:7      | Reached **** piety under Qazlal
  5299 | D:7      | Reached skill level 1 in Armour
  5328 | D:7      | Reached skill level 10 in Fighting
  5558 | D:7      | Found an opulent altar of Gozag.
  5567 | D:7      | Found a shimmering blue altar of Sif Muna.
  5844 | D:8      | Identified the +7 short sword "Wenet" {antimagic, rN+
                  | Dex+2}
  6323 | D:8      | Reached skill level 14 in Axes
  6468 | D:8      | Found a staircase to the Lair.
  7136 | D:9      | Reached ***** piety under Qazlal
  7175 | D:9      | Reached XP level 11. HP: 100/101 MP: 15/15
  7575 | D:9      | Found a staircase to the Orcish Mines.
  7832 | D:10     | Noticed Erica
  7835 | D:10     | Killed Erica
  7935 | D:10     | Reached skill level 5 in Dodging
  7985 | D:10     | Noticed Maurice
  7990 | D:10     | Killed Maurice
  7991 | D:10     | Noticed a two-headed ogre
  8004 | D:10     | Killed a two-headed ogre
  8013 | D:10     | Reached skill level 15 in Axes
  8206 | D:10     | Reached skill level 5 in Armour
  8292 | D:10     | Reached skill level 1 in Shields
  8311 | D:10     | Noticed Erolcha
  8340 | D:10     | Killed Erolcha
  9020 | D:11     | Noticed a boulder beetle
  9084 | D:10     | Noticed a two-headed ogre
  9093 | D:10     | Killed a two-headed ogre
  9094 | D:10     | Reached XP level 12. HP: 109/110 MP: 13/17
  9111 | D:11     | Noticed a two-headed ogre
  9118 | D:11     | Killed a two-headed ogre
  9189 | D:11     | Killed a boulder beetle
  9190 | D:11     | Reached skill level 16 in Axes
  9192 | D:11     | Identified the -1 cloak of the King of the Hill {+Blink rC+
                  | Stlth-}
  9311 | D:11     | Noticed a two-headed ogre
  9317 | D:11     | Killed a two-headed ogre
  9814 | D:11     | Identified the +6 chain mail of Theory {+Inv rC+ Dex+4}
 10102 | D:12     | Noticed Azrael
 10141 | D:12     | Noticed Fannar
 10269 | D:12     | Slain by a titanic slime creature

Illustrated notes

Levels and vault maps discovered:
D:1:      scummos_arrival_simple_fountains, layout_basic,
          shapermc_ecumenical_altar_flowoftime
D:2:      layout_basic, basic_altar, serial_shops,
          nicolae_shop_tiny_statue_garden, minmay_splitting_lines, st_stairs_6,
          uniq_jessica
D:3:      layout_rooms, portal_sewer_entry_e
D:4:      layout_gridville, gammafunk_ghost_abyssal_escape, serial_glass,
          glass_columns_b, glass_columns_c, glass_columns_b, glass_columns_a,
          glass_columns_b, glass_columns_c, glass_columns_c, glass_columns_b,
          glass_columns_c, glass_columns_b, glass_columns_a, glass_columns_b,
          glass_columns_a, glass_columns_b, grunt_ministairs_12, uniq_menkaure
D:5:      layout_rooms, minmay_quadrilaterals
D:6:      layout_rooms, minmay_temple_entry_stoned_glass, gammafunk_ghost_icy,
          minmay_puff
D:7:      layout_cave_pools, mainiacjoe_overflow_swirl
D:8:      layout_loops_corners, lair_entry_dummy,
          hangedman_abyss_or_decor_passed, kennysheep_another_room,
          grunt_tough_drop
D:9:      hangedman_cross_stitches, layout_basic, uniq_harold
D:10:     cheibrodos_ideogram_h, layout_basic, st_stairs_8, uniq_erolcha,
          uniq_maurice, uniq_josephine, uniq_erica
D:11:     layout_loops_ring
D:12:     layout_long_grid, ebering_ghost_reflecting_pool, uniq_azrael,
          uniq_fannar, uniq_nessos

Skill      XL: |  1  2  3  4  5  6  7  8  9 10 11 12 |
---------------+-------------------------------------+-----
Axes           | 4 5 6 7 9 11 12 14 15 16 | 16.4
Fighting       | 4 5 6 8 9 10 11 | 11.9
Invocations    | 1 2 3 5 6 7 8 9 |  9.3
Armour         | 3 5 6 |  6.8
Dodging        | 4 6 7 |  7.1
Shields        | 2 4 |  4.0

Action                     |  1- 3 |  4- 6 |  7- 9 | 10-12 || total
---------------------------+-------+-------+-------+-------++-------
  Melee: Hand axe          |    85 |   111 |   190 |   277 ||   663
         Headbutt          |    23 |    27 |    63 |   162 ||   275
         War axe           |       |       |       |   268 ||   268
 Invoke: Upheaval          |       |       |     1 |     3 ||     4
         Elemental Force   |       |       |     1 |       ||     1
  Evoke: Wand              |       |       |     6 |    10 ||    16
         Box of beasts     |       |       |       |     1 ||     1
    Use: Scroll            |       |     2 |     5 |     3 ||    10
         Potion            |       |       |     4 |     5 ||     9
   Stab: Paralysed         |       |       |     1 |       ||     1
 Armour: Robe              |     2 |       |       |       ||     2
         Ring mail         |    23 |       |       |       ||    23
         Chain mail        |     4 |     8 |       |    10 ||    22
         Plate armour      |       |    46 |    96 |   139 ||   281
  Dodge: Dodged            |    54 |    27 |    38 |   121 ||   240
         Repelled          |       |       |       |     2 ||     2
  Block: Orb               |       |     3 |    33 |    60 ||    96
         Buckler           |       |       |       |    64 ||    64
